[Event "MCR rapid mládeže 2023 U16"]
[Site "Harachov, Czech Republic"]
[Date "2023.09.10"]
[Round "8.31"]
[White "Bucek, Vit"]
[Black "Gernert , Tomas"]
[Result "0-1"]
[TimeControl "20min+5s/move"]
[WhiteElo "1283"]
[BlackElo "1236"]

1. e4 c5 2. Nf3 Nc6 3. d4 cxd4 4. Nxd4 g6 5. Nc3 Bg7 6. Be3 Nf6 7. Bc4 d6 8. f3 Qb6 9. Bb3 Nxe4 10.
Nf5 Bxc3+ 11. bxc3 Nxc3 12. Bxb6 Nxd1 13. Rxd1 Bxf5 14. Bd4 Nxd4 15. Rxd4 O-O 16. g4 Bd7 17. h4 Bc6 18. Kf2 Rad8 19.
h5 g5 20. Bd5 e5 21. Rdd1 Bxd5 22. Rxd5 f5 23. gxf5 Rxf5 24. Rg1 h6 25. Kg3 Kf7 26. Rgd1 Ke6 27. Rb5 b6 28. Rb3 d5 29.
Ra3 Rd7 30. Rad3 Rf4 31. Rh1 Rc4 32. Rd2 Rdc7 33. Rc1 Ra4 34. Ra1 Ra3 35. Rd3 Rxd3 36. cxd3 Rc3 37. Rd1 Ra3 38. Rd2 e4 39.
dxe4 dxe4 40. Re2 Rxf3+ 41. Kg2 Kf5 42. Kg1 Kf4 43. Rb2 g4 44. Rb4 Rc3 45. Rb1 g3 46. Rf1+ Rf3 47. Rb1 Rf2 48.
Rb3 Rxa2 49. Rb1 Kf3 50. Rf1+ Rf2 51. Ra1 g2 52. Ra3+ e3 53. Ra1 Rf1+ 54. Rxf1+ gxf1=Q+ 55.
Kxf1 a5 56. Ke1 a4 57. Kd1 e2+ 58. Kc2 e1=Q 59. Kd3 Qe4+ 60. Kc3 b5 61. Kb2 Qc4 62. Ka1 Qb4 63. Ka2 a3 64. Ka1 Qb2# 0-1

[Event "MCR rapid mládeže 2023 U16"]
[Site "Harachov, Czech Republic"]
[Date "2023.09.10"]
[Round "8.32"]
[White "Zelenka, Tomas"]
[Black "Zika, Miroslav"]
[Result "1/2-1/2"]
[TimeControl "20min+5s/move"]
[WhiteElo "1457"]
[BlackElo "1199"]

1. e4 e5 2. Bc4 Nc6 3. Nc3 Nf6 4. d3 Bc5 5. Nge2 d6 6. O-O Be6 7. Bb3 Qd7 8. Kh1 O-O 9. f4 exf4 10.
Bxf4 Bg4 11. Ba4 Bxe2 12. Qxe2 Nd4 13. Qe1 Qe7 14. Bg5 Qe5 15. Bxf6 gxf6 16. Nd5 f5 17. c3 Nc6 18. d4 Nxd4 19.
cxd4 Qxd4 20. Qg3+ Kh8 21. Bc2 fxe4 22. Nf6 Rg8 23. Nxg8 Rxg8 24. Qh4 Qg7 25. Bxe4 c6 26. Rf6 Be3 27.
Qh3 d5 28. Bc2 Bg5 29. Rf2 f6 30. Re1 d4 31. Rfe2 Be3 32. Rf1 c5 33. Bd3 b6 34. Rf5 Bg5 35. Rf3 h6 1/2-1/2

[Event "MCR rapid mládeže 2023 U16"]
[Site "Harachov, Czech Republic"]
[Date "2023.09.10"]
[Round "8.33"]
[White "Vo, Daniel"]
[Black "Mauric, Jan"]
[Result "1-0"]
[TimeControl "20min+5s/move"]
[WhiteElo "1445"]
[BlackElo "1260"]

1. e4 e6 2. d4 b6 3. Nc3 Bb7 4. Nf3 Nf6 5. Bd3 c5 6. d5 exd5 7. exd5 Nxd5 8. Nxd5 Bxd5 9. O-O Be7 10.
Re1 O-O 11. Bxh7+ Kxh7 12. Qxd5 Nc6 13. Bg5 f6 14. Bf4 g5 15. Qf5+ Kg7 16. Bg3 Rf7 17. h4 d5 18. h5 Kh8 19.
Nxg5 Rg7 20. Ne6 Nd4 21. Nxd4 cxd4 22. h6 Rh7 23.
Bf4 Bd6 24. Bd2 Bf8 25. Qf4 Bxh6 26. Qxd4 Bxd2 27. Qxd2 Qd6 28. g3 Qc6 29. Qd4 Rf8 30. Rad1 Rh5 31. Qg4 Rh6 32. c3 d4 33.
Qe4 Qxe4 34. Rxe4 dxc3 35. bxc3 Rh7 36. Red4 Rhf7 37. Rd7 Kg7 38. Kg2 Rxd7 39. Rxd7+ Rf7 40. Rxf7+ Kxf7 41. Kf3 Ke6 42. Ke4 f5+ 43. Kd4 a6 44. a4 Kd6 45. f3 Ke6 46. g4 fxg4 47. fxg4 Kd6 48. c4 a5 49. g5 Ke6 50. g6 Kf6 51. Kd5 Kxg6 52.
Kc6 Kf6 53. Kxb6 Ke6 54. Kxa5 Kd7 55.
Kb6 Kc8 56. Kc6 Kb8 57. c5 Kc8 58. a5 Kb8 59. a6 Ka7 60. Kc7 Kxa6 61. Kd7 Kb7 62. c6+ Kb8 63. c7+ 1-0

[Event "MCR rapid mládeže 2023 U16"]
[Site "Harachov, Czech Republic"]
[Date "2023.09.10"]
[Round "8.34"]
[White "Kozusnik, Jan"]
[Black "Bartak, Tobias"]
[Result "0-1"]
[TimeControl "20min+5s/move"]
[WhiteElo "1399"]
[BlackElo "1259"]

1. e4 c5 2. Nf3 Nc6 3. d4 cxd4 4.
Nxd4 g6 5. Nc3 Bg7 6. Be3 Nf6 7.
Qd2 O-O 8. O-O-O a6 9. Nxc6 bxc6 10. Bh6 Bxh6 11. Qxh6 Rb8 12. h4 Qb6 13. b3 Qb4 14. Kb2 Ng4 15. Qf4 Nf6 16. g4 d5 17. a3 Qb7 18. f3 dxe4 19. Nxe4 Nxe4 20. fxe4 e5 21.
Qg3 c5 22. Rd5 c4 23. Bxc4 Be6 24. Rc5 Qxe4 25. Bxe6 Qxh1 26. Bd5 e4 27. Rc4 Rfe8 28. Bxe4 Qf1 29. Qc3 Qe2 30. Bd3 Qe5 31.
Qxe5 Rxe5 32. Rc6 a5 33.
c4 Re3 34. Rd6 Rg3 35. Rd4 Rh3 36. g5 Re8 37. Kc3 Re1 38. c5 Rc1+ 39. Kd2 Rxc5 40. Rd8+ Kg7 41. Rd4 Rh2+ 42. Ke3 Rc3 43.
b4 Rxa3 44. bxa5 Rxa5 45. Be4 Rxh4 46. Rd3 Rh3+ 47. Bf3 Rf5 48. Ke4 Rfxf3 49. Rxf3 Rxf3 50. Kxf3 f6 51. gxf6+ Kxf6 52. Kg4 h5+ 53. Kh4 Kf5 54. Kg3 Kg5 55. Kh3 Kf4 56. Kh4 g5 57. Kxh5 g4 58. Kh4 Kf3 0-1

[Event "MCR rapid mládeže 2023 U16"]
[Site "Harachov, Czech Republic"]
[Date "2023.09.10"]
[Round "8.35"]
[White "Bukovskij, Dmitri"]
[Black "Vorlik, Jachym"]
[Result "0-1"]
[TimeControl "20min+5s/move"]
[WhiteElo "1291"]
[BlackElo "1210"]

1. d4 Nf6 2. Nc3 d5 3. Bf4 Bf5 4. Nf3 e6 5. e3 Bb4 6. a3 Ba5 7. b4 Bb6 8.
Be2 O-O 9. O-O c6 10. b5 Bc7 11. bxc6 Nxc6 12. Rb1 Rb8 13. Bg3 Bxg3 14. fxg3 Qa5 15. Rb3 Ne4 16. Nxe4 Bxe4 17. Bd3 Bxd3 18. Qxd3 Qc7 19. Ng5 g6 20.
e4 dxe4 21. Nxe4 Rfd8 22. Nf6+ Kg7 23. c3 Rbc8 24. Rb2 Ne7 25. Qf3 Nc6 26. Qf4 Qxf4 27. Rxf4 Na5 28. Rf3 b6 29. Ne4 Nc4 30. Rbf2 Rc7 31. Ng5 Rdd7 32. a4 h6 33. Rxf7+ Rxf7 34. Nxe6+ Kg8 35. Nxc7 Rxc7 36. Kf1 Ne3+ 37.
Ke2 Nd5 38. Kd3 Nxc3 39. Rc2 Nd5 40. Rxc7 Nxc7 41. Kc4 Kf7 42. d5 Ke7 43. Kb4 Nxd5+ 44. Kb5 Nc3+ 45. Kb4 Nxa4 46. Kxa4 Ke6 47.
Kb5 Ke5 48. Ka6 Ke4 49. h4 Ke3 50. g4 Kf2 51.
h5 gxh5 52. gxh5 Kxg2 0-1

[Event "MCR rapid mládeže 2023 U16"]
[Site "Harachov, Czech Republic"]
[Date "2023.09.10"]
[Round "8.36"]
[White "Skoloud, Josef"]
[Black "Vydra, David"]
[Result "1/2-1/2"]
[TimeControl "20min+5s/move"]
[WhiteElo "1075"]
[BlackElo "1137"]

1. e4 c5 2. Nf3 d6 3. c3 Nf6 4. Be2 a6 5. Qc2 e6 6. O-O Nbd7 7. d4 cxd4 8. cxd4 b5 9. a3 Bb7 10.
Nc3 Rc8 11. Bd3 Be7 12. Qe2 O-O 13. Ng5 h6 14. Nf3 Qa5 15. Bd2 b4 16. axb4 Qb6 17. e5 Bxf3 18. Qxf3 dxe5 19. Bxa6 Ra8 20.
dxe5 Nxe5 21. Qe2 Ned7 22. Bb5 Bxb4 23. Bxd7 Nxd7 24. Rfd1 Rxa1 25. Rxa1 Bc5 26. Rb1 Rd8 27. Na4 Qb3 28.
Nxc5 Nxc5 29. Qd1 Qxd1+ 30. Rxd1 Nb3 31. Kf1 Rxd2 32. Rb1 Rc2 33. Ke1 Kf8 34. g3 Ke7 35. h4 Kf6 36. f3 Rc1+ 37.
Rxc1 Nxc1 38. Kd1 Nb3 39. Kc2 Nd4+ 40. Kc3 Nb5+ 41. Kc4 Nd6+ 42. Kc5 Ke7 43. b4 g5 44. hxg5 hxg5 45. Kd4 Kf6 46. Kc5 Ke7 47. Kd4 f6 48.
Kc5 Kd7 49. b5 Nxb5 50. Kxb5 Kd6 51. Kc4 Ke5 52. Kd3 f5 53. Ke3 f4+ 54. gxf4+ gxf4+ 55. Kd3 Kf5 56. Ke2 e5 57. Kd3 Kg5 58. Ke4 Kf6 59.
Kd3 Ke6 60. Ke4 Kd6 61. Kd3 Kd5 62. Ke2 e4 63. fxe4+ Kxe4 64. Kf2 f3 65. Kf1 Ke3 66. Ke1 f2+ 67. Kf1 Kf3 1/2-1/2

[Event "MCR rapid mládeže 2023 U16"]
[Site "Harachov, Czech Republic"]
[Date "2023.09.10"]
[Round "8.37"]
[White "Tykalova, Barbora"]
[Black "Najdkova, Laura"]
[Result "1-0"]
[TimeControl "20min+5s/move"]
[WhiteElo "1121"]
[BlackElo "1331"]

1. e4 e5 2. Nf3 Nc6 3. d4 exd4 4.
Bc4 Bc5 5. c3 Nge7 6. Ng5 O-O 7. Qh5 h6 8. Nxf7 Rxf7 9. Qxf7+ Kh8 10. cxd4 Nxd4 11. Bb3 Qg8 12. Qxg8+ Nxg8 13.
Nc3 d6 14. Be3 Nxb3 15. axb3 Bxe3 16. fxe3 Be6 17. Nb5 Bxb3 18. Nxc7 Rd8 19. Rxa7 Rd7 20. Rxb7 Be6 21. O-O Nf6 22. Rb8+ Bg8 23. Nd5 Nxd5 24.
exd5 Re7 25. Rff8 Kh7 26. Rxg8 Rxe3 27. Kf2 Rd3 28. Rgd8 Rxd5 29. Rb6 Rd2+ 30. Kf3 Rd3+ 31. Ke2 Rd5 32.
Rdxd6 Re5+ 33. Kf2 Rf5+ 34. Kg3 Rc5 35. Kh3 Rh5+ 36. Kg4 Rg5+ 37. Kf3 Rf5+ 38. Ke2 Re5+ 39. Kd3 Rg5 40. Rd7 Rxg2 41.
Rbb7 Rg4 42. b4 Rg2 43. b5 Rxh2 44. Rxg7+ Kh8 45. Rge7 Rh3+ 46. Kc4 Rg3 47. Re8+ Rg8 48. Rxg8+ Kxg8 49.
b6 Kf8 50. Rf7+ Kxf7 51. b7 Ke7 52.
b8=Q Kd8 1-0

[Event "MCR rapid mládeže 2023 U16"]
[Site "Harachov, Czech Republic"]
[Date "2023.09.10"]
[Round "8.38"]
[White "Zidkova, Agnes"]
[Black "Hamernikova, Iris"]
[Result "0-1"]
[TimeControl "20min+5s/move"]
[WhiteElo "1045"]
[BlackElo "1387"]

1. e4 e5 2. d4 exd4 3.
Qxd4 Nc6 4. Qe3 Nf6 5. Nc3 Bb4 6.
Bd2 O-O 7. O-O-O b6 8. Qg3 Bd6 9. Qe3 Bb7 10. Bc4 Ne5 11. Bb3 Re8 12. f3 Ng6 13. Nge2 Bc5 14. Nd4 Bd6 15. Nf5 Bc5 16.
Nd4 c6 17. Na4 Bxd4 18. Qxd4 c5 19. Qe3 d5 20. a3 dxe4 21. fxe4 Bxe4 22. Qf2 Bd5 23. Bxd5 Qxd5 24. Bc3 Qa2 25.
Bxf6 gxf6 26. Qf3 Rad8 27. Rxd8 Qa1+ 28. Kd2 Rxd8+ 29. Ke2 Re8+ 30. Kd2 Qxh1 31. Qxf6 Qe1+ 32. Kd3 Ne5+ 33. Qxe5 Rxe5 34.
Kc4 Qe2+ 35. Kc3 Re3# 0-1

[Event "MCR rapid mládeže 2023 U16"]
[Site "Harachov, Czech Republic"]
[Date "2023.09.10"]
[Round "8.39"]
[White "Martikanova, Amalie"]
[Black "Topencikova, Ellen"]
[Result "1-0"]
[TimeControl "20min+5s/move"]
[WhiteElo "1107"]
[BlackElo "1038"]

1. e4 e6 2. d4 d5 3. exd5 exd5 4. Bd3 c5 5. Nf3 Nc6 6. c3 c4 7. Bc2 Nf6 8. O-O Be7 9. Bf4 O-O 10.
h3 Re8 11. Nbd2 Bd6 12. Bg5 h6 13. Bh4 Be7 14. Bb1 Bd7 15. Qc2 g6 16. Re1 Bf5 17. Qd1 Bxb1 18. Qxb1 b5 19. Ne5 Rc8 20.
Nxg6 fxg6 21. Qxg6+ Kf8 22. Bxf6 Bxf6 23. Rxe8+ Qxe8 24. Qxf6+ Qf7 25. Qxh6+ Kg8 26. Qh4 Ne7 27. Qg4+ Kh8 28.
Re1 Rf8 29. Nf3 Ng8 30. Re5 Nh6 31. Qh4 Kh7 32. Ng5+ 1-0

[Event "MCR rapid mládeže 2023 U16"]
[Site "Harachov, Czech Republic"]
[Date "2023.09.10"]
[Round "9.1"]
[White "Jasso, Matej"]
[Black "Juhanak, Daniel"]
[Result "1/2-1/2"]
[TimeControl "20min+5s/move"]
[WhiteElo "1794"]
[BlackElo "1878"]

1. e4 e6 2. d4 d5 3. exd5 exd5 4. Bd3 Bd6 5. Qf3 Nc6 6. c3 Nge7 7. Ne2 Be6 8. Bf4 Ng6 9. Bxd6 Qxd6 10.
O-O Nce7 11. Nd2 O-O 12. Qh5 Rfe8 13. f4 f5 14. Qg5 h6 15. Qg3 Bf7 16. Nf3 Qf6 17. Ne5 Rad8 18. Qf2 Nc8 19.
Ng3 Nge7 20. Qf3 Nd6 21. Rae1 Ne4 22. Nh5 Bxh5 23. Qxh5 Rf8 24. Re3 Qb6 25. Bxe4 dxe4 26. Rg3 c5 27.
Ng6 Nxg6 28. Rxg6 Rd6 29. dxc5 Qxc5+ 30. Kh1 Rxg6 31. Qxg6 Rf6 32. Qe8+ Kh7 33. g4 Qc4 34. Rg1 fxg4 35.
Rxg4 Qf1+ 36. Rg1 Qf3+ 37. Rg2 Qf1+ 38. Rg1 1/2-1/2

[Event "MCR rapid mládeže 2023 U16"]
[Site "Harachov, Czech Republic"]
[Date "2023.09.10"]
[Round "9.2"]
[White "Roubal, Matyas"]
[Black "Setina, Vaclav"]
[Result "1/2-1/2"]
[TimeControl "20min+5s/move"]
[WhiteElo "1911"]
[BlackElo "1876"]

1. e4 c5 2. Nf3 Nc6 3.
Bb5 g6 4. Bxc6 dxc6 5. O-O Bg7 6. d3 Nf6 7. h3 b6 8. Nc3 h6 9. Be3 Qc7 10.
Qd2 Be6 11. a3 g5 12. Nh2 Nh5 13. Rab1 Be5 14. Nf3 Bf6 15. b4 cxb4 16. axb4 g4 1/2-1/2

[Event "MCR rapid mládeže 2023 U16"]
[Site "Harachov, Czech Republic"]
[Date "2023.09.10"]
[Round "9.3"]
[White "Andrle, Filip"]
[Black "Popov, Roman"]
[Result "1/2-1/2"]
[TimeControl "20min+5s/move"]
[WhiteElo "1649"]
[BlackElo "1751"]

1. e4 c6 2. Nc3 d5 3. Nf3 dxe4 4. Nxe4 Nf6 5. Qe2 Nxe4 6. Qxe4 Nd7 7. Bc4 Nf6 8. Ne5 e6 9. Qe2 b5 10.
Bb3 Qb6 11. c3 Be7 12. O-O O-O 13. d4 Bb7 14. Bg5 Rad8 15. Rfe1 c5 16. dxc5 Qxc5 17. Rad1 Nd5 18. Bxe7 Qxe7 19.
Rd4 a6 1/2-1/2

[Event "MCR rapid mládeže 2023 U16"]
[Site "Harachov, Czech Republic"]
[Date "2023.09.10"]
[Round "9.4"]
[White "Novotny, Dominik"]
[Black "Svadlenka, Dominik"]
[Result "0-1"]
[TimeControl "20min+5s/move"]
[WhiteElo "1707"]
[BlackElo "1588"]

1. e4 c6 2. d4 d5 3. exd5 cxd5 4.
Bd3 Nf6 5. c3 Nc6 6. Nf3 Bg4 7. O-O e6 8. Bf4 Be7 9. Nbd2 O-O 10. Qb3 Na5 11. Qc2 Rc8 12. Ne5 Bh5 13. Rae1 Nc6 14.
Qb3 Na5 15. Qc2 a6 16. Bg3 Nc6 17. Nxc6 Rxc6 18. f4 Bg6 19. f5 exf5 20. Bxf5 Re8 21. Bxg6 hxg6 22. Re2 Nh5 23. Qd3 Nxg3 24.
Qxg3 Bf6 25. Rfe1 Rxe2 26. Rxe2 Rc7 27. Nf3 Re7 28. Rxe7 Qxe7 29. Ne5 Bh4 30. Qf3 Qe6 31. Qg4 Qxg4 32.
Nxg4 Bg5 33. Kf2 Bc1 34. Ne3 Bxb2 35. Nxd5 f6 36. Ke3 Kf7 37. c4 Ke6 38. g4 f5 39. Nf4+ Kf6 40. h3 Bc1+ 41.
Kf3 Bb2 42. d5 g5 43. Ne6 f4 44.
h4 gxh4 45. Nxf4 Ba3 46. Ng2 g5 47. Kf2 Ke5 48. Ne3 Bc5 49. Kf3 Bxe3 50. Kxe3 b5 51. Kd3 bxc4+ 52. Kxc4 h3 53. Kc5 h2 54.
d6 h1=Q 0-1

[Event "MCR rapid mládeže 2023 U16"]
[Site "Harachov, Czech Republic"]
[Date "2023.09.10"]
[Round "9.5"]
[White "Babula, Matej"]
[Black "Krautschneider, Daniel Jan"]
[Result "0-1"]
[TimeControl "20min+5s/move"]
[WhiteElo "1865"]
[BlackElo "1419"]

1. e4 c5 2. Nf3 Nc6 3. d4 cxd4 4. Nxd4 Nf6 5. Nc3 g6 6.
Be3 Bg7 7. Bc4 O-O 8. Bb3 d6 9. f3 Bd7 10. h4 a6 11. h5 Nxh5 12. g4 Nf6 13. Bh6 Qb6 14. Bxg7 Kxg7 15. Nxc6 Qe3+ 16.
Qe2 Qxe2+ 17. Nxe2 Bxc6 18. O-O-O a5 19. Nf4 a4 20. Bd5 Nxd5 21. exd5 Bb5 22. Rde1 Rfe8 23. g5 Bd7 24. Re2 Bf5 25.
Reh2 Rh8 26. Re1 Rae8 27. c3 h6 28. gxh6+ Rxh6 29. Rxh6 Kxh6 30. Ne2 Kg7 31. Nd4 Rh8 32. Nxf5+ gxf5 33. Rxe7 Rh1+ 34. Kd2 Rh2+ 35. Re2 Rh3 36.
Ke3 Kf6 37. Kf4 Rh4+ 38. Kg3 Rh8 39. f4 Rc8 40. Kf3 a3 41. bxa3 Rxc3+ 42. Re3 Rc2 43. Rb3 Rxa2 44. Rxb7 Rxa3+ 45. Kf2 Ra5 46. Ke3 Rxd5 47. Rd7 Ke6 48. Rd8 Ra5 49.
Rf8 Kd5 50. Rxf7 Ra3+ 51. Kf2 Ke4 52.
Rd7 d5 53. Ke2 Ra2+ 54. Ke1 d4 55. Kf1 Kf3 56. Ke1 Ke3 57. Kf1 Ra1+ 58. Kg2 d3 59. Re7+ Kxf4 60. Rd7 Ke3 61. Re7+ Kd2 62. Kf2 Ra4 63. Re5 Kd1 64. Rxf5 d2 65. Rc5 Ra8 66. Rc7 Rf8+ 67. Kg2 Ra8 68. Kf2 Ra2 69. Kf1 Rc2 70. Ra7 Kc1 71. Ra1+ Kb2 72.
Rd1 Rc1 73. Ke2 Rxd1 74. Kxd1 Kc3 0-1

[Event "MCR rapid mládeže 2023 U16"]
[Site "Harachov, Czech Republic"]
[Date "2023.09.10"]
[Round "9.6"]
[White "Hrdlicka, Jan"]
[Black "Vana, Jan"]
[Result "0-1"]
[TimeControl "20min+5s/move"]
[WhiteElo "1418"]
[BlackElo "1681"]

1. e4 c5 2. Nf3 Nc6 3. d4 cxd4 4. Nxd4 Nf6 5. Nc3 e5 6. Nb3 Bb4 7. f3 d5 8. Bd2 Bxc3 9. Bxc3 dxe4 10. Qxd8+ Kxd8 11. O-O-O+ Kc7 12. Bb5 Re8 13. Bxc6 Kxc6 14. Rhe1 Bf5 15.
Nd2 Rad8 16. Nxe4 Rxd1+ 17. Kxd1 Bxe4 18. fxe4 Nd7 19. Rf1 f6 20. Rf3 Nc5 21. Re3 Rd8+ 22. Ke2 Kb5 23. a3 Kc6 24.
Bb4 Ne6 25. g3 Nd4+ 26. Kf1 b6 27. Bd2 Kd7 28. Rd3 Ke6 29. Be3 Rd7 30. Bxd4 Rxd4 31. Rxd4 exd4 32. Ke2 b5 33. Kd3 Ke5 34. c3 dxc3 35. bxc3 g5 36. g4 Kf4 37. h3 Kg3 38.
c4 bxc4+ 39. Kxc4 Kxh3 40. Kd5 Kxg4 41. Kc6 h5 42. Kb7 a5 43. Kb6 a4 44. Kb5 h4 45. Kxa4 h3 46. Kb5 h2 47. a4 h1=Q 0-1

[Event "MCR rapid mládeže 2023 U16"]
[Site "Harachov, Czech Republic"]
[Date "2023.09.10"]
[Round "9.7"]
[White "Martirosyan, David"]
[Black "Topencik, Bruno"]
[Result "1-0"]
[TimeControl "20min+5s/move"]
[WhiteElo "1861"]
[BlackElo "1451"]

1. d4 e6 2. Nf3 Nf6 3. Nbd2 d5 4.
e3 Be7 5. Bd3 O-O 6. b3 Nbd7 7. Bb2 Re8 8. O-O Nf8 9. Ne5 Ng6 10. f4 Qd6 11. a4 c5 12. Rf3 Bd7 13. Rh3 Bc6 14.
g4 Nd7 15. g5 Ndf8 16. Qh5 a6 17. Ba3 b6 18. Ndf3 Qc7 19. Nh4 Nxh4 20. Rxh4 g6 21. Qh6 Bb7 22. Ng4 f5 23. gxf6 Bd8 24.
dxc5 bxc5 25. Bxc5 d4 26. Bxd4 Bf3 27. Qg7+ Qxg7 28. fxg7 Nd7 29. Nh6# 1-0

[Event "MCR rapid mládeže 2023 U16"]
[Site "Harachov, Czech Republic"]
[Date "2023.09.10"]
[Round "9.8"]
[White "Garabik, Marek"]
[Black "Hrbek, Jachym"]
[Result "1-0"]
[TimeControl "20min+5s/move"]
[WhiteElo "1787"]
[BlackElo "1769"]

1. e4 c6 2. d4 d5 3. f3 e5 4.
dxe5 Bc5 5. Bd3 Qb6 6. Ne2 Bf2+ 7. Kf1 Nd7 8. Nbc3 Bh4 9. g3 Nxe5 10. Nf4 Be7 11. Qe2 g5 12. Ng2 d4 13.
Nd1 Bh3 14. Nf2 Bxg2+ 15. Kxg2 O-O-O 16. f4 gxf4 17. Bxf4 Bd6 18. Ng4 f6 19. Bxe5 fxe5 20. Rhf1 h5 21. Nf6 Nxf6 22. Rxf6 Qc7 23. Raf1 Rdg8 24.
Rf7 Be7 25. Bc4 Rg6 26. Qf3 Kb8 27. Qf5 Rgh6 28. Rg7 Qd6 29.
Qf7 h4 30. Qxe7 Qxe7 31. Rxe7 hxg3 32. Rff7 Rxh2+ 33. Kxg3 R2h3+ 34. Kg4 R8h4+ 35. Kf5 Rf3+ 36. Kxe5 Rh5+ 37. Ke6 Rh6+ 38. Kd7 Rxf7 39. Rxf7 b5 40. Bd3 Kb7 41.
e5 c5 42. e6 c4 43. Be4+ Kb6 44. e7 d3 45. cxd3 cxd3 46. Bxd3 Rh3 47.
Bf5 Rh2 48. Rf6+ Ka5 49. e8=Q Rd2+ 50.
Kc8 a6 51. Qe6 Kb4 52. Qe1 1-0

[Event "MCR rapid mládeže 2023 U16"]
[Site "Harachov, Czech Republic"]
[Date "2023.09.10"]
[Round "9.9"]
[White "Slivova, Linda"]
[Black "Barteckova, Valerie"]
[Result "1-0"]
[TimeControl "20min+5s/move"]
[WhiteElo "1386"]
[BlackElo "1498"]

1. d4 d5 2. Bf4 Bf5 3. Nf3 Nf6 4. c4 c6 5. Nc3 e6 6. e3 Bd6 7. Ne5 Bxe5 8. Bxe5 Nbd7 9. Bg3 Ne4 10.
Nxe4 Bxe4 11. f3 Bg6 12. c5 O-O 13. Bd3 Bxd3 14. Qxd3 Re8 15. O-O e5 16. Rae1 Qf6 17. f4 exd4 18.
exd4 Qd8 19. f5 Qa5 20. a3 Nf6 21. b4 Qa4 22. Be5 Ne4 23. Rxe4 dxe4 24. Qg3 Rxe5 25. dxe5 Qc2 26. f6 g6 27. Qg5 Kh8 28. e6 fxe6 29.
Qh6 Rg8 30. f7 1-0

[Event "MCR rapid mládeže 2023 U16"]
[Site "Harachov, Czech Republic"]
[Date "2023.09.10"]
[Round "9.10"]
[White "Buchtova, Viktorie"]
[Black "Bartova, Hana"]
[Result "1-0"]
[TimeControl "20min+5s/move"]
[WhiteElo "1556"]
[BlackElo "1389"]

1. e4 e5 2. Nf3 Nf6 3. Nxe5 d6 4. Nf3 Nxe4 5. c4 Nf6 6. d4 d5 7. c5 c6 8.
Bd3 b6 9. b4 a5 10. Qa4 Bb7 11. O-O Be7 12. Bd2 Qc7 13. bxa5 bxa5 14. Re1 Nbd7 15. Nc3 Ba6 16. Bxa6 Rxa6 17. Re2 Kd8 18. Rb1 Re8 19. Ng5 Kc8 20. Nxf7 Ra7 21.
g3 Nxc5 22. dxc5 Bxc5 23. Rxe8+ Nxe8 24. Qf4 Qxf7 25. Rb8+ Kd7 26. Qxf7+ Be7 27. Qxe8+ Ke6 28. Qxc6+ 1-0

[Event "MCR rapid mládeže 2023 U16"]
[Site "Harachov, Czech Republic"]
[Date "2023.09.10"]
[Round "9.11"]
[White "Horkova, Tereza"]
[Black "Kaplanova, Dominika"]
[Result "1-0"]
[TimeControl "20min+5s/move"]
[WhiteElo "1720"]
[BlackElo "1461"]

1. e4 c6 2. d4 d5 3. e5 Bf5 4. Bd3 Bxd3 5.
Qxd3 Qa5+ 6. Bd2 Qa6 7. Qe3 e6 8. Ne2 Ne7 9. c3 Nd7 10. O-O Nf5 11. Qf3 Nb6 12. Ng3 Ne7 13. Na3 Ng6 14.
Nc2 Nc4 15. Bc1 Be7 16. b3 Nb6 17. Qe3 Nd7 18. Nh5 Rg8 19. Bd2 Nh4 20. Ng3 g6 21. Qh6 Nf8 22. Bg5 Bxg5 23. Qxg5 Nf5 24. Rfd1 Qa5 25. Rd3 Qd8 26. Qd2 Qe7 27. c4 h5 28. cxd5 cxd5 29. Rc1 Rc8 30. Rc3 Rxc3 31. Qxc3 Qd7 32. Nb4 Nxg3 33. fxg3 Kd8 34. a4 a5 35. Nd3 b6 36.
b4 axb4 37. Qxb4 Nh7 38. Qxb6+ Ke8 39. Nc5 Qe7 40. a5 Kf8 41.
a6 Kg7 42. a7 Ra8 43. Ra1 Qg5 44. Qb3 Qd8 45. Qf3 Ng5 46.
Qf4 Ne4 47. Nxe4 dxe4 48. Qxe4 Qc8 49. h4 Qd8 50. Kh2 Qc8 51. Qe3 Qb7 52. Qa3 Qc7 53.
Qa6 Qd7 54. Qb6 Qc8 55. Qc5 Qb7 56. Kh3 Qd7 57. Qd6 Qc8 58. d5 exd5+ 59. Kh2 Qb7 60. Qf6+ Kg8 61. e6 Rxa7 62. exf7+ Qxf7 63. Qd8+ Kh7 64. Rxa7 Qxa7 65. Qxd5 Qg7 66. Qg5 Qh6 67. Qf6 Qg7 68. Qf3 Kg8 69.
g4 hxg4 70. Qxg4 Kh7 71. Kh3 Qc3+ 72. g3 Qf6 73. Qf4 Qe6+ 74. g4 Qb3+ 75. Qg3 Qe6 76. Qf3 Qd7 77. Qe3 Qf7 78.
Kg3 Qc7+ 79. Qf4 Qc3+ 80. Qf3 Qc7+ 81. Kf2 Qc2+ 82.
Qe2 Qc5+ 83. Qe3 Qf8+ 84. Ke2 Qf6 85. g5 Qb2+ 86. Kf3 Qb7+ 87. Qe4 Qb3+ 88. Kf4 Qf7+ 89. Ke3 Qb3+ 90. Qd3 Qb6+ 91. Qd4 Qe6+ 92. Kf4 Qf7+ 93. Qf6 Qc7+ 94. Ke4 Qc4+ 95. Ke5 Qc7+ 96. Ke6 Qc6+ 97. Kf7 Qc7+ 98.
Qe7 Qc4+ 99. Kf8+ 1-0

[Event "MCR rapid mládeže 2023 U16"]
[Site "Harachov, Czech Republic"]
[Date "2023.09.10"]
[Round "9.12"]
[White "Kubatova, Beta"]
[Black "Mikesova, Lenka"]
[Result "0-1"]
[TimeControl "20min+5s/move"]
[WhiteElo "1376"]
[BlackElo "1410"]

1. d4 d5 2. c4 Nc6 3. Nf3 Bg4 4. Nc3 Nf6 5. Bg5 e6 6. e3 Bb4 7. Be2 O-O 8. O-O h6 9. Bh4 Re8 10.
a3 Bxc3 11. bxc3 Qe7 12. cxd5 exd5 13. Qb3 g5 14. Bg3 Nd8 15. h3 Bh5 16. c4 c6 17. Rab1 dxc4 18. Qxc4 Ne4 19. Rbd1 Nxg3 20. fxg3 Qxe3+ 21. Rf2 Bxf3 22. Bxf3 Ne6 23. Kh2 Qxf2 24. Bg4 Rad8 25. Rf1 Qxd4 26.
Bxe6 Rxe6 27. Qc2 Qe3 28. Qf5 Rf8 29. Qg4 Qd3 30. Rd1 Qe2 31. Qxe2 Rxe2 32. Rd7 Rb2 0-1

[Event "MCR rapid mládeže 2023 U16"]
[Site "Harachov, Czech Republic"]
[Date "2023.09.10"]
[Round "9.13"]
[White "Nguyen, Nhat Minh Thu"]
[Black "Kammova, Katerina"]
[Result "0-1"]
[TimeControl "20min+5s/move"]
[WhiteElo "1405"]
[BlackElo "1393"]

1. e4 e6 2. d4 d5 3. exd5 exd5 4.
Be3 Bd6 5. Nf3 Ne7 6. a3 Nf5 7. Qd2 Nxe3 8. Qxe3+ Qe7 9. Qxe7+ Bxe7 10. Be2 Bf5 11. c3 f6 12. Nbd2 Kf7 13.
O-O Re8 14. Rfe1 Nd7 15. b3 a6 16. c4 dxc4 17. Bxc4+ Kf8 18. a4 Nb6 19. Be6 Bxe6 20. Rxe6 Rad8 21. Rae1 Bb4 22. Rxe8+ Rxe8 23.
Rxe8+ Kxe8 24. Ne4 Nd7 25. Kf1 Kf7 26. Ke2 b6 27. Ne1 Nf8 28. Nd3 Be7 29. h3 Ne6 30. Ke3 g6 31. g4 Ng7 32.
f3 f5 33. gxf5 Nxf5+ 34. Kf4 Nxd4 35.
Nc1 Ba3 36. Ke3 Bxc1+ 37. Kxd4 Ke6 38. Ng3 h6 39. Ke4 Bg5 40. Ne2 Bf6 41. Nf4+ Kf7 42. Nd5 Bd8 43. Ke5 a5 44. Nf4 Be7 45.
Nd5 Bd6+ 46. Ke4 Ke6 47. Nc3 c6 48. Ne2 Be5 49. Nc1 Bd6 50. Nd3 b5 51. Nb2 Be7 52. Nd3 g5 53. f4 gxf4 54.
Nxf4+ Kf6 55. Nh5+ Kg5 56. Ng3 bxa4 57. bxa4 Bf8 58. Nh1 Kh4 59. Nf2 h5 60. Kf3 Bc5 61. Ne4 Bb4 62. Nf2 c5 63. Nd3 Kxh3 64. Nf4 Kh4 65.
Nxh5 Kxh5 66. Ke3 Kg5 67.
Ke4 Kf6 68. Kd5 Kf5 69. Kc4 Ke4 70. Kb3 Kd3 71. Kb2 c4 72. Kc1 Ba3+ 73. Kb1 c3 74. Ka2 c2 75. Kxa3 c1=Q+ 76. Ka2 Qc5 77. Kb3 Qb4+ 78. Ka2 Kc2 0-1

[Event "MCR rapid mládeže 2023 U16"]
[Site "Harachov, Czech Republic"]
[Date "2023.09.10"]
[Round "9.14"]
[White "Lackova, Ludmila"]
[Black "Kubatova, Ema"]
[Result "1/2-1/2"]
[TimeControl "20min+5s/move"]
[WhiteElo "1479"]
[BlackElo "1206"]

1. d4 Nf6 2. c4 e6 3. Nc3 Bb4 4. Qc2 b6 5. a3 Bxc3+ 6. Qxc3 Bb7 7. Bg5 d6 8. Nf3 Nbd7 9. g3 c5 10.
dxc5 dxc5 11. Bg2 Qc7 12. Bf4 Qc6 13. O-O O-O 14. Ne1 Qc8 15. Nf3 Rd8 16. Rad1 Qc6 17. Rd6 Qc8 18. Qc2 Nf8 19.
Rxd8 Qxd8 20. Rd1 Qe8 21. b3 Ng6 22. Be5 Ng4 23. Bc3 Qc6 24. Nh4 Qc7 25. Nf3 Bc6 26. h3 Nf6 27. Bxf6 gxf6 28.
Qc3 Qe7 29. Qd3 Kg7 30. Nh4 Bxg2 31. Nxg2 Rc8 32. Qd7 Rc7 33. Qd6 Ne5 34. Qxe7 Rxe7 35. f4 Ng6 36. e4 e5 37. f5 Nf8 38.
Rd8 Rc7 39. Kf2 Nd7 40. Ra8 Nf8 41. Ne3 Rb7 42. Nd5 Nd7 43. Rc8 Nb8 44. Rc7 Rxc7 45. Nxc7 Nc6 46. Na6 Nd4 47. b4 cxb4 48.
axb4 Nc6 49. c5 bxc5 50.
bxc5 Kf8 51. Ke3 Ke7 52. Kd3 Kd8 53. Kc4 Kc8 54. Nb4 Kc7 55.
Nd3 a6 56. g4 h6 57. Nb2 Na5+ 58. Kb4 Nc6+ 59. Kc4 Na5+ 60. Kb4 Nc6+ 1/2-1/2

[Event "MCR rapid mládeže 2023 U16"]
[Site "Harachov, Czech Republic"]
[Date "2023.09.10"]
[Round "9.15"]
[White "Mik, Tomas"]
[Black "Tejnor, Martin"]
[Result "0-1"]
[TimeControl "20min+5s/move"]
[WhiteElo "1802"]
[BlackElo "1434"]

1. e4 c5 2. Nf3 d6 3. d4 cxd4 4. Nxd4 Nf6 5. Nc3 Nc6 6. Be2 e6 7. O-O Be7 8. Be3 O-O 9. f4 Bd7 10. Qe1 a6 11. Qg3 Re8 12. Rae1 Qc7 13. Bd3 Nb4 14. Kh1 Nxd3 15.
cxd3 Rac8 16. e5 Nd5 17. Bd2 Qb6 18. Nxd5 exd5 19. Bc3 dxe5 20. Rxe5 Qd6 21. Nf5 Bxf5 22. Re6 Rxc3 23. Rxd6 Rxd3 24.
Qe1 Be4 25. Rd7 Bc5 26. Qe2 Re3 27. Qd2 Bd3 28. Rc1 h6 29. h3 Bc4 30. b3 Re2 31. Qc3 Bb5 32. Rxd5 Ba3 33. Rg1 Bc6 34.
Re5 R8xe5 35. fxe5 Bb2 36. Qd3 Rf2 37. Qg3 Bd4 38. a4 Rb2 39. Rd1 Bb6 40. Kh2 Bc7 41. Rf1 Bxe5 42. Rf4 Rxg2+ 43. Qxg2 Bxf4+ 0-1